[ AOE2 MATCH · #495761343 ]
UnrankedByzantines vs Mongols
Player's team · WIN
Rival team · LOSS
[ REPLAY ANALYSIS · EXTRACTED FROM THE RECORDED GAME ]
Feudal
8:44
Castle
21:33
Imperial
33:23
| APM avg | 51.1 |
| APM peak | 123 |
| eAPM avg | 25.1 |
| Villagers / military | 123 / 223 |
Focus
⚔️ 41.8% · 🌾 58.2%
Archer ×90 · Scout Cavalry ×71 · Camel Scout ×20 · Skirmisher ×17 · Battering Ram ×11 · Spearman ×5
Feudal
8:33
Castle
21:38
Imperial
36:03
| APM avg | 61.7 |
| APM peak | 122 |
| eAPM avg | 26.6 |
| Villagers / military | 145 / 114 |
Focus
⚔️ 30.3% · 🌾 69.7%
Skirmisher ×51 · Mangudai ×37 · Trebuchet (Packed) ×8 · Militia ×7 · Scout Cavalry ×5 · Mangonel ×3
Match map
Initial resources + every placement click. Lines = walls · curves = elevation contours. ◆ gold · ⬟ stone · ● berries · ✦ relic · ◌ wall gap
Your base· Open — 2t gap
cjy's base· Open — 6t gap
Smoothed initial terrain · ◌ = detected wall gap · hover for details
Inputs per minute
— SaintJustice - - cjy
Build order — SaintJustice
First 150 of 476 actions detected
| 0:03 | Build | Town Center |
| 1:09 | Queue | Villager (Male) |
| 1:10 | Queue | Villager (Male) |
| 1:10 | Queue | Villager (Male) |
| 1:10 | Queue | Villager (Male) |
| 1:10 | Queue | Villager (Male) |
| 1:52 | Queue | Villager (Male) |
| 1:53 | Queue | Villager (Male) |
| 2:25 | Queue | Villager (Male) |
| 2:25 | Queue | Villager (Male) |
| 2:38 | Queue | Villager (Male) |
| 2:38 | Queue | Villager (Male) |
| 3:06 | Queue | Villager (Male) |
| 3:06 | Queue | Villager (Male) |
| 3:26 | Queue | Villager (Male) |
| 3:26 | Queue | Villager (Male) |
| 3:27 | Queue | Villager (Male) |
| 3:33 | Build | Lumber Camp |
| 3:42 | Build | House |
| 3:44 | Build | House |
| 4:22 | Build | Palisade Wall |
| 4:23 | Build | Palisade Wall |
| 4:24 | Build | Palisade Wall |
| 4:24 | Build | Palisade Wall |
| 4:27 | Queue | Villager (Male) |
| 4:27 | Queue | Villager (Male) |
| 5:03 | Queue | Villager (Male) |
| 5:40 | Build | Mill |
| 5:51 | Research | Loom |
| 5:51 | Research | Loom |
| 6:17 | Build | Palisade Wall |
| 6:19 | Build | Palisade Wall |
| 6:23 | Research | Feudal Age |
| 6:23 | Research | Feudal Age |
| 6:49 | Build | Palisade Wall |
| 6:50 | Build | Palisade Wall |
| 6:51 | Build | Palisade Wall |
| 6:52 | Build | Palisade Wall |
| 6:53 | Build | Palisade Wall |
| 6:54 | Build | Palisade Wall |
| 6:54 | Build | Palisade Wall |
| 6:55 | Build | Palisade Wall |
| 7:04 | Queue | Villager (Male) |
| 7:05 | Queue | Villager (Male) |
| 7:10 | Build | House |
| 7:19 | Build | Palisade Wall |
| 7:20 | Build | Palisade Wall |
| 7:21 | Build | Palisade Wall |
| 7:48 | Build | Barracks |
| 8:44 | Age | Feudal Age |
| 8:57 | Research | Double-Bit Axe |
| 8:57 | Research | Double-Bit Axe |
| 9:11 | Queue | Villager (Male) |
| 9:17 | Research | Horse Collar |
| 9:17 | Research | Horse Collar |
| 9:17 | Research | Horse Collar |
| 9:40 | Build | Archery Range |
| 9:44 | Queue | Villager (Male) |
| 10:00 | Queue | Villager (Male) |
| 10:03 | Build | Farm |
| 10:20 | Build | House |
| 10:22 | Build | House |
| 10:23 | Build | House |
| 10:27 | Build | Farm |
| 10:39 | Queue | Villager (Male) |
| 10:42 | Queue | Archer |
| 10:42 | Queue | Archer |
| 10:52 | Queue | Villager (Male) |
| 11:13 | Queue | Spearman |
| 11:18 | Build | House |
| 11:29 | Queue | Archer |
| 11:33 | Build | House |
| 11:35 | Build | House |
| 11:57 | Build | Palisade Wall |
| 11:59 | Queue | Villager (Male) |
| 12:06 | Queue | Spearman |
| 12:06 | Queue | Villager (Male) |
| 12:09 | Build | Farm |
| 12:30 | Queue | Villager (Male) |
| 12:32 | Queue | Archer |
| 12:44 | Queue | Villager (Male) |
| 12:52 | Build | Farm |
| 12:54 | Build | Farm |
| 12:57 | Build | Farm |
| 12:58 | Queue | Spearman |
| 13:15 | Queue | Villager (Male) |
| 13:17 | Queue | Archer |
| 13:17 | Queue | Archer |
| 13:19 | Build | Farm |
| 13:23 | Build | Farm |
| 13:35 | Build | Farm |
| 13:36 | Queue | Villager (Male) |
| 13:48 | Queue | Villager (Male) |
| 14:22 | Queue | Villager (Male) |
| 14:34 | Queue | Villager (Male) |
| 14:36 | Queue | Villager (Male) |
| 14:54 | Queue | Skirmisher |
| 14:55 | Queue | Skirmisher |
| 15:06 | Queue | Villager (Male) |
| 15:10 | Build | Farm |
| 15:14 | Build | Blacksmith |
| 15:17 | Queue | Villager (Male) |
| 15:22 | Build | Blacksmith |
| 15:26 | Build | Market |
| 15:28 | Queue | Skirmisher |
| 15:33 | Build | Farm |
| 15:36 | Build | Farm |
| 15:38 | Build | Farm |
| 15:40 | Build | Farm |
| 15:43 | Build | Farm |
| 15:45 | Build | Farm |
| 15:50 | Build | Farm |
| 15:51 | Queue | Villager (Male) |
| 16:04 | Research | Padded Archer Armor |
| 16:10 | Build | House |
| 16:37 | Research | Fletching |
| 16:54 | Queue | Villager (Male) |
| 16:55 | Queue | Skirmisher |
| 16:55 | Queue | Skirmisher |
| 17:20 | Queue | Spearman |
| 17:22 | Queue | Skirmisher |
| 18:03 | Queue | Skirmisher |
| 18:03 | Queue | Villager (Male) |
| 18:04 | Queue | Villager (Male) |
| 18:35 | Queue | Skirmisher |
| 18:38 | Queue | Spearman |
| 18:50 | Research | Castle Age |
| 18:50 | Research | Castle Age |
| 18:55 | Build | House |
| 19:09 | Build | Archery Range |
| 19:14 | Build | Mining Camp |
| 19:20 | Queue | Skirmisher |
| 19:26 | Build | House |
| 19:27 | Build | House |
| 19:44 | Build | House |
| 19:52 | Build | House |
| 19:53 | Build | House |
| 19:57 | Build | Palisade Wall |
| 19:59 | Build | Palisade Wall |
| 20:06 | Queue | Archer |
| 20:06 | Queue | Archer |
| 20:10 | Queue | Archer |
| 20:10 | Queue | Archer |
| 20:32 | Build | Palisade Wall |
| 20:44 | Queue | Archer |
| 20:44 | Queue | Archer |
| 21:33 | Age | Castle Age |
| 21:34 | Research | Crossbowman (upgrade) |
| 21:35 | Queue | Archer |
| 21:35 | Queue | Archer |
Build order — cjy
First 150 of 432 actions detected
| 0:18 | Build | Town Center |
| 1:18 | Queue | Villager (Male) |
| 1:18 | Queue | Villager (Male) |
| 1:19 | Queue | Villager (Male) |
| 1:19 | Queue | Villager (Male) |
| 1:19 | Queue | Villager (Male) |
| 1:59 | Build | Mill |
| 2:17 | Build | Lumber Camp |
| 2:21 | Queue | Villager (Male) |
| 3:22 | Queue | Villager (Male) |
| 3:49 | Queue | Villager (Male) |
| 3:49 | Queue | Villager (Male) |
| 3:53 | Queue | Villager (Male) |
| 4:41 | Build | House |
| 5:00 | Queue | Villager (Male) |
| 5:18 | Queue | Villager (Male) |
| 5:34 | Research | Loom |
| 5:37 | Build | House |
| 5:51 | Queue | Villager (Male) |
| 6:23 | Research | Feudal Age |
| 7:24 | Build | Barracks |
| 8:27 | Queue | Villager (Male) |
| 8:27 | Queue | Villager (Male) |
| 8:33 | Age | Feudal Age |
| 8:39 | Build | Stable |
| 8:42 | Research | Double-Bit Axe |
| 9:09 | Queue | Villager (Male) |
| 9:12 | Queue | Scout Cavalry |
| 9:27 | Queue | Scout Cavalry |
| 9:28 | Queue | Villager (Male) |
| 9:37 | Build | House |
| 9:44 | Queue | Spearman |
| 9:46 | Queue | Scout Cavalry |
| 9:50 | Research | Horse Collar |
| 9:55 | Build | Farm |
| 10:04 | Build | Farm |
| 10:09 | Queue | Villager (Male) |
| 10:23 | Queue | Villager (Male) |
| 10:36 | Build | Farm |
| 10:39 | Build | Farm |
| 10:54 | Queue | Villager (Male) |
| 11:08 | Build | Farm |
| 11:11 | Queue | Villager (Male) |
| 11:35 | Build | House |
| 11:55 | Queue | Villager (Male) |
| 12:05 | Queue | Villager (Male) |
| 12:08 | Build | Archery Range |
| 12:26 | Queue | Villager (Male) |
| 12:42 | Build | Mill |
| 12:46 | Queue | Skirmisher |
| 13:01 | Queue | Villager (Male) |
| 13:14 | Queue | Skirmisher |
| 13:26 | Build | Lumber Camp |
| 13:30 | Queue | Skirmisher |
| 13:32 | Queue | Villager (Male) |
| 13:46 | Build | House |
| 14:04 | Queue | Skirmisher |
| 14:49 | Queue | Villager (Male) |
| 14:49 | Queue | Villager (Male) |
| 14:50 | Queue | Villager (Male) |
| 14:50 | Queue | Villager (Male) |
| 14:52 | Build | Blacksmith |
| 15:15 | Queue | Villager (Male) |
| 15:15 | Queue | Villager (Male) |
| 15:17 | Build | Farm |
| 15:24 | Queue | Scout Cavalry |
| 15:51 | Build | House |
| 15:51 | Build | House |
| 15:54 | Queue | Scout Cavalry |
| 16:11 | Research | Wheelbarrow |
| 16:18 | Build | Mining Camp |
| 16:23 | Research | Fletching |
| 16:34 | Queue | Skirmisher |
| 16:34 | Queue | Skirmisher |
| 17:00 | Queue | Villager (Male) |
| 17:25 | Build | Farm |
| 17:25 | Build | Farm |
| 17:28 | Build | Farm |
| 17:29 | Build | Farm |
| 18:02 | Queue | Villager (Male) |
| 18:03 | Queue | Villager (Male) |
| 18:05 | Build | Market |
| 18:35 | Build | Farm |
| 18:58 | Research | Castle Age |
| 19:06 | Build | Mining Camp |
| 19:19 | Build | House |
| 19:20 | Build | House |
| 19:21 | Build | House |
| 19:22 | Build | House |
| 19:23 | Build | House |
| 19:23 | Build | House |
| 19:47 | Research | Stone Mining |
| 19:48 | Research | Gold Mining |
| 19:53 | Build | Lumber Camp |
| 20:40 | Research | Bloodlines |
| 21:20 | Research | Town Watch |
| 21:38 | Age | Castle Age |
| 21:41 | Build | Town Center |
| 21:44 | Queue | Villager (Male) |
| 21:45 | Queue | Villager (Male) |
| 21:57 | Build | Siege Workshop |
| 22:25 | Queue | Villager (Male) |
| 22:38 | Queue | Mangonel |
| 22:47 | Queue | Villager (Male) |
| 22:47 | Queue | Villager (Male) |
| 23:00 | Build | Town Center |
| 23:41 | Queue | Villager (Male) |
| 23:41 | Queue | Villager (Male) |
| 23:42 | Build | Farm |
| 23:44 | Build | Farm |
| 23:45 | Build | Farm |
| 24:00 | Queue | Knight |
| 24:08 | Queue | Cavalry Archer |
| 24:13 | Build | Farm |
| 24:14 | Build | Farm |
| 24:32 | Queue | Villager (Male) |
| 24:33 | Queue | Villager (Male) |
| 24:33 | Queue | Villager (Male) |
| 24:34 | Queue | Villager (Male) |
| 24:34 | Queue | Villager (Male) |
| 24:35 | Queue | Villager (Male) |
| 24:35 | Queue | Villager (Male) |
| 24:35 | Queue | Villager (Male) |
| 24:35 | Queue | Villager (Male) |
| 25:25 | Queue | Villager (Male) |
| 25:25 | Queue | Villager (Male) |
| 25:25 | Queue | Villager (Male) |
| 25:43 | Queue | Villager (Male) |
| 25:43 | Queue | Villager (Male) |
| 25:43 | Queue | Villager (Male) |
| 25:45 | Build | Farm |
| 25:46 | Build | Farm |
| 25:47 | Build | Farm |
| 25:48 | Build | Farm |
| 25:55 | Queue | Villager (Male) |
| 26:15 | Build | Castle |
| 26:39 | Queue | Villager (Male) |
| 26:40 | Queue | Villager (Male) |
| 26:40 | Queue | Villager (Male) |
| 26:40 | Queue | Villager (Male) |
| 27:23 | Queue | Villager (Male) |
| 27:23 | Queue | Villager (Male) |
| 27:24 | Queue | Villager (Male) |
| 27:24 | Queue | Villager (Male) |
| 27:24 | Queue | Villager (Male) |
| 27:32 | Queue | Villager (Male) |
| 27:32 | Queue | Villager (Male) |
| 27:37 | Build | Farm |
| 27:40 | Build | Farm |
| 27:41 | Build | Farm |
Match timeline
| 4:22 | SaintJustice · wall_segment Palisade Wall x1 |
| 4:23 | SaintJustice · wall_segment Palisade Wall x1 |
| 4:24 | SaintJustice · wall_segment Palisade Wall x1 |
| 4:24 | SaintJustice · wall_segment Palisade Wall x1 |
| 6:17 | SaintJustice · wall_segment Palisade Wall x1 |
| 6:19 | SaintJustice · wall_segment Palisade Wall x5 |
| 6:49 | SaintJustice · wall_segment Palisade Wall x1 |
| 6:50 | SaintJustice · wall_segment Palisade Wall x1 |
| 6:51 | SaintJustice · wall_segment Palisade Wall x1 |
| 6:52 | SaintJustice · wall_segment Palisade Wall x1 |
| 6:53 | SaintJustice · wall_segment Palisade Wall x1 |
| 6:54 | SaintJustice · wall_segment Palisade Wall x1 |
| 6:54 | SaintJustice · wall_segment Palisade Wall x1 |
| 6:55 | SaintJustice · wall_segment Palisade Wall x1 |
| 7:19 | SaintJustice · wall_segment Palisade Wall x1 |
| 7:20 | SaintJustice · wall_segment Palisade Wall x1 |
| 7:21 | SaintJustice · wall_segment Palisade Wall x1 |
| 7:24 | cjy · first_building Barracks |
| 7:48 | SaintJustice · first_building Barracks |
| 8:33 | cjy · age_up feudal |
| 8:39 | cjy · first_building Stable |
| 8:44 | SaintJustice · age_up feudal |
| 9:40 | SaintJustice · first_building Archery Range |
| 11:57 | SaintJustice · wall_segment Palisade Wall x1 |
| 12:08 | cjy · first_building Archery Range |
| 18:07 | SaintJustice · first_market_buy 100 food |
| 18:07 | SaintJustice · first_market_sell 100 wood |
| 19:57 | SaintJustice · wall_segment Palisade Wall x1 |
| 19:59 | SaintJustice · wall_segment Palisade Wall x1 |
| 20:32 | SaintJustice · wall_segment Palisade Wall x1 |
| 21:33 | SaintJustice · age_up castle |
| 21:38 | cjy · age_up castle |
| 21:57 | cjy · first_building Siege Workshop |
| 22:40 | SaintJustice · first_building Siege Workshop |
| 26:15 | cjy · first_building Castle |
| 27:04 | cjy · first_market_sell 100 wood |
| 27:05 | cjy · first_market_buy 100 food |
| 28:47 | SaintJustice · first_building Monastery |
| 32:56 | SaintJustice · first_building Castle |
| 33:23 | SaintJustice · age_up imperial |
| 36:03 | cjy · age_up imperial |
| 38:46 | SaintJustice · first_building Stable |
| 47:07 | cjy · resign |
[ AI ANALYSIS · 1 CREDIT ]
What really happened in this match?
Wolo.gg analyzes every decision: build order, eco, micro, common mistakes by bracket. Personalized analysis on WhatsApp or Discord in 30 seconds.
Civ guide
Byzantines
Perfil
Jugador #11935777